TOP OF THE 1ST |
Phoenix Hotspur Reserves batting - Pitching for Tremont Doubledays : RHP Jim Unknown
|
Pitching: RHP Jim Unknown
|
|
Batting: RHB Wilson Castillo
|
0-0: Called Strike 0-1: Ball 1-1: Ground out 4-3 (Groundball, 4MS)
|
Batting: RHB Satoshi Terada
|
0-0: Called Strike 0-1: Called Strike 0-2: Ground out 5-3 (Groundball, 56)
|
Batting: RHB Alex Niemann
|
0-0: Called Strike 0-1: Ball 1-1: Ball 2-1: Ball 3-1: Base on Balls
|
Batting: SHB Roberto López
|
0-0: Ball 1-0: Called Strike 1-1: Foul Ball, location: 2F 1-2: Foul Ball, location: 2F 1-2: SINGLE (Groundball, 4D) Alex Niemann to second Runner from 2nd tries for 3rd, SAFE, throw made to third
|
Batting: RHB Júlio Mateo
|
0-0: Ball 1-0: SINGLE (Groundball, 56D) Alex Niemann scores Roberto López to second
|
Batting: SHB Jesús González
|
0-0: Ball 1-0: Foul Ball, location: 2F 1-1: Ball 2-1: Foul Ball, location: 2F 2-2: Ball 3-2: Ground out 4-3 (Groundball, 4)
|
Top of the 1st over - 1 run(s), 2 hit(s), 0 error(s), 2 left on base; Phoenix 1 - Tremont 0 |
BOTTOM OF THE 1ST |
Tremont Doubledays batting - Pitching for Phoenix Hotspur Reserves : LHP Alejandro Guerra
|
Pitching: LHP Alejandro Guerra
|
|
Batting: RHB José Cervantes
|
0-0: Ball 1-0: Called Strike 1-1: Ball 2-1: Swinging Strike 2-2: Foul Ball, location: 2F 2-2: Strikes out swinging
|
Batting: RHB Andrés Gonzáles
|
0-0: Ball 1-0: Called Strike 1-1: Ground out 4-3 (Groundball, 4)
|
Batting: RHB Menno van de Vlugt
|
0-0: Ball 1-0: Ball 2-0: Called Strike 2-1: Called Strike 2-2: Ball 3-2: Foul Ball, location: 2F 3-2: Base on Balls
|
Batting: RHB Tim Robinson
|
0-0: Called Strike 0-1: Foul Ball, location: 2F 0-2: Ball 1-2: Ball 2-2: Foul Ball, location: 2F 2-2: Foul Ball, location: 2F 2-2: Fly out, F3 (Popup, 3S)
|
Bottom of the 1st over - 0 run(s), 0 hit(s), 0 error(s), 1 left on base; Phoenix 1 - Tremont 0 |
TOP OF THE 2ND |
Phoenix Hotspur Reserves batting - Pitching for Tremont Doubledays : RHP Jim Unknown
|
Batting: LHB Clark Espinosa
|
0-0: Ball 1-0: Called Strike 1-1: Bunt for hit - play at first, batter OUT! 1-3
|
Batting: RHB Jim Unknown
|
0-0: SOLO HOME RUN (Flyball, 7D), Distance : 409 ft
|
Batting: RHB Jesús Álvarez
|
0-0: Ball 1-0: Called Strike 1-1: Ball 2-1: Swinging Strike 2-2: Ball 3-2: Fly out, F8 (Line Drive, 89M)
|
Batting: RHB Wilson Castillo
|
0-0: Called Strike 0-1: Swinging Strike 0-2: Strikes out swinging
|
Top of the 2nd over - 1 run(s), 1 hit(s), 0 error(s), 0 left on base; Phoenix 2 - Tremont 0 |
BOTTOM OF THE 2ND |
Tremont Doubledays batting - Pitching for Phoenix Hotspur Reserves : LHP Alejandro Guerra
|
Batting: RHB Jim Unknown
|
0-0: Foul Ball, location: 2F 0-1: Fly out, F7 (Flyball, 7)
|
Batting: RHB Jim Unknown
|
0-0: Ball 1-0: Ball 2-0: Called Strike 2-1: Fly out, F7 (Flyball, 7)
|
Batting: RHB Jim Unknown
|
0-0: Ball 1-0: Fly out, F8 (Flyball, 89S)
|
Bottom of the 2nd over - 0 run(s), 0 hit(s), 0 error(s), 0 left on base; Phoenix 2 - Tremont 0 |
TOP OF THE 3RD |
Phoenix Hotspur Reserves batting - Pitching for Tremont Doubledays : RHP Jim Unknown
|
Batting: RHB Satoshi Terada
|
0-0: Swinging Strike 0-1: Foul Ball, location: 2F 0-2: Ball 1-2: Strikes out looking
|
Batting: RHB Alex Niemann
|
0-0: Ball 1-0: Called Strike 1-1: Swinging Strike 1-2: Foul Ball, location: 2F 1-2: Ball 2-2: Strikes out looking
|
Batting: SHB Roberto López
|
0-0: Foul Ball, location: 2F 0-1: Ball 1-1: Ball 2-1: Ball 3-1: Called Strike 3-2: Ground out 1-3 (Groundball, 13S)
|
Top of the 3rd over - 0 run(s), 0 hit(s), 0 error(s), 0 left on base; Phoenix 2 - Tremont 0 |
BOTTOM OF THE 3RD |
Tremont Doubledays batting - Pitching for Phoenix Hotspur Reserves : LHP Alejandro Guerra
|
Batting: RHB Arturo Morales
|
0-0: Ball 1-0: Swinging Strike 1-1: Swinging Strike 1-2: Ball 2-2: Ball 3-2: Base on Balls
|
Batting: RHB Francisco García
|
0-0: Ball 1-0: Ball 2-0: Ball 3-0: Base on Balls Arturo Morales to second
|
Batting: RHB José Cervantes
|
0-0: Ball 1-0: Ball 2-0: Ball 3-0: Base on Balls Arturo Morales to third Francisco García to second
|
Batting: RHB Andrés Gonzáles
|
0-0: Foul Ball, location: 2F 0-1: Foul Ball, location: 2F 0-2: Grounds into double play, 6-4-3 (Groundball, 6) Arturo Morales scores Francisco García to third
|
Batting: RHB Menno van de Vlugt
|
0-0: Foul Ball, location: 2F 0-1: Ball 1-1: Foul Ball, location: 2F 1-2: SINGLE (Line Drive, 56D) Francisco García scores
|
Batting: RHB Tim Robinson
|
0-0: Ball 1-0: Ball 2-0: Called Strike 2-1: Foul Ball, location: 2F 2-2: Ball 3-2: SINGLE (Line Drive, 8LS) Menno van de Vlugt to second Menno van de Vlugt to third
|
Batting: RHB Jim Unknown
|
0-0: Foul Ball, location: 2F 0-1: Foul Ball, location: 2F 0-2: Strikes out looking
|
Bottom of the 3rd over - 2 run(s), 2 hit(s), 0 error(s), 2 left on base; Phoenix 2 - Tremont 2 |
TOP OF THE 4TH |
Phoenix Hotspur Reserves batting - Pitching for Tremont Doubledays : RHP Jim Unknown
|
Batting: RHB Júlio Mateo
|
0-0: Ball 1-0: Ball 2-0: Called Strike 2-1: Foul Ball, location: 2F 2-2: Ground out 4-3 (Groundball, 4)
|
Batting: SHB Jesús González
|
0-0: Called Strike 0-1: Called Strike 0-2: Foul Ball, location: 2F 0-2: Strikes out looking
|
Batting: LHB Clark Espinosa
|
0-0: Foul Ball, location: 2F 0-1: Ground out U3 (Groundball, 3S)
|
Top of the 4th over - 0 run(s), 0 hit(s), 0 error(s), 0 left on base; Phoenix 2 - Tremont 2 |
BOTTOM OF THE 4TH |
Tremont Doubledays batting - Pitching for Phoenix Hotspur Reserves : LHP Alejandro Guerra
|
Batting: RHB Jim Unknown
|
0-0: Ball 1-0: Foul Ball, location: 2F 1-1: Foul Ball, location: 2F 1-2: Strikes out swinging
|
Batting: RHB Jim Unknown
|
0-0: Fly out, F4 (Line Drive, 4)
|
Batting: RHB Arturo Morales
|
0-0: Ball 1-0: SINGLE (Flyball, 9S)
|
Batting: RHB Francisco García
|
0-0: Foul Ball, location: 2F 0-1: Fielders Choice at 2nd, 6-4 (Groundball, 6)
|
Bottom of the 4th over - 0 run(s), 1 hit(s), 0 error(s), 0 left on base; Phoenix 2 - Tremont 2 |
TOP OF THE 5TH |
Phoenix Hotspur Reserves batting - Pitching for Tremont Doubledays : RHP Jim Unknown
|
Batting: RHB Jim Unknown
|
0-0: Called Strike 0-1: Ball 1-1: Ball 2-1: Swinging Strike 2-2: Ball 3-2: Base on Balls
|
Batting: RHB Jesús Álvarez
|
0-0: Ball 1-0: Sac Bunt - play at second, runner OUT! 5-6
|
Batting: RHB Wilson Castillo
|
0-0: Ball 1-0: Ball 2-0: Foul Ball, location: 2F 2-1: Fly out, F9 (Flyball, 9LM)
|
Batting: RHB Satoshi Terada
|
0-0: Called Strike 0-1: Foul Ball, location: 2F 0-2: Foul Ball, location: 2F 0-2: Ball Jesús Álvarez is caught stealing 2nd base
|
Top of the 5th over - 0 run(s), 0 hit(s), 0 error(s), 0 left on base; Phoenix 2 - Tremont 2 |
BOTTOM OF THE 5TH |
Tremont Doubledays batting - Pitching for Phoenix Hotspur Reserves : LHP Alejandro Guerra
|
Batting: RHB José Cervantes
|
0-0: Ball 1-0: Called Strike 1-1: Foul Ball, location: 2F 1-2: Ball 2-2: Foul Ball, location: 2F 2-2: Strikes out swinging
|
Batting: RHB Andrés Gonzáles
|
0-0: Swinging Strike 0-1: Swinging Strike 0-2: Strikes out looking
|
Batting: RHB Menno van de Vlugt
|
0-0: Ball 1-0: Called Strike 1-1: Ball 2-1: Called Strike 2-2: Foul Ball, location: 2F 2-2: Ground out 4-3 (Groundball, 34)
|
Bottom of the 5th over - 0 run(s), 0 hit(s), 0 error(s), 0 left on base; Phoenix 2 - Tremont 2 |
TOP OF THE 6TH |
Phoenix Hotspur Reserves batting - Pitching for Tremont Doubledays : RHP Jim Unknown
|
Batting: RHB Satoshi Terada
|
0-0: Called Strike 0-1: Ball 1-1: Foul Ball, location: 2F 1-2: Ball 2-2: Foul Ball, location: 2F 2-2: Ball 3-2: Foul Ball, location: 2F 3-2: Ground out 6-3 (Groundball, 6)
|
Batting: RHB Alex Niemann
|
0-0: Ball 1-0: Swinging Strike 1-1: Foul Ball, location: 2F 1-2: Strikes out swinging
|
Batting: SHB Roberto López
|
0-0: SINGLE (Groundball, 34D)
|
Batting: RHB Júlio Mateo
|
0-0: Ball 1-0: Called Strike 1-1: Swinging Strike 1-2: Strikes out swinging
|
Top of the 6th over - 0 run(s), 1 hit(s), 0 error(s), 1 left on base; Phoenix 2 - Tremont 2 |
BOTTOM OF THE 6TH |
Tremont Doubledays batting - Pitching for Phoenix Hotspur Reserves : LHP Alejandro Guerra
|
Batting: RHB Tim Robinson
|
0-0: Ball 1-0: Called Strike 1-1: Foul Ball, location: 2F 1-2: Strikes out looking
|
Batting: RHB Jim Unknown
|
0-0: Foul Ball, location: 2F 0-1: Foul Ball, location: 2F 0-2: Ball 1-2: Ball 2-2: Ball 3-2: SINGLE (Groundball, 56D)
|
Batting: RHB Jim Unknown
|
0-0: Called Strike 0-1: Foul Ball, location: 2F 0-2: Ball 1-2: Foul Ball, location: 2F 1-2: Foul Ball, location: 2F 1-2: Foul Ball, location: 2F 1-2: Strikes out swinging
|
Batting: RHB Jim Unknown
|
0-0: Foul Ball, location: 2F 0-1: Swinging Strike 0-2: Foul Ball, location: 2F 0-2: Ball 1-2: Ball 2-2: SINGLE (Line Drive, 7S) Jim Unknown to second
|
Pitching: RHP Craig Gasnier
|
|
Batting: RHB Arturo Morales
|
0-0: Ball 1-0: Ball 2-0: SINGLE (Line Drive, 3D) Jim Unknown to third Jim Unknown to second Runner from 3rd tries for Home, SAFE, no throw
|
Batting: RHB Francisco García
|
0-0: Foul Ball, location: 2F 0-1: Ball 1-1: Foul Ball, location: 2F 1-2: Ball 2-2: Foul Ball, location: 2F 2-2: Foul Ball, location: 2F 2-2: Foul Ball, location: 2F 2-2: Ball 3-2: Ground out U3 (Groundball, 34)
|
Bottom of the 6th over - 1 run(s), 3 hit(s), 0 error(s), 2 left on base; Phoenix 2 - Tremont 3 |
TOP OF THE 7TH |
Phoenix Hotspur Reserves batting - Pitching for Tremont Doubledays : RHP Jim Unknown
|
Batting: SHB Jesús González
|
0-0: Swinging Strike 0-1: Foul Ball, location: 2F 0-2: Ball 1-2: Ball 2-2: Ball 3-2: Ground out 4-3 (Groundball, 4)
|
Batting: LHB Clark Espinosa
|
0-0: Foul Ball, location: 2F 0-1: Called Strike 0-2: Ball 1-2: Strikes out swinging
|
Batting: RHB Jim Unknown
|
0-0: Ball 1-0: Called Strike 1-1: Foul Ball, location: 2F 1-2: Foul Ball, location: 2F 1-2: Ball 2-2: SINGLE (Groundball, 56S) (infield hit)
|
Pitching: RHP Jim Unknown
|
|
Batting: RHB Jesús Álvarez
|
0-0: Ball 1-0: Fielders Choice at 2nd, 4-6 (Groundball, 4)
|
Top of the 7th over - 0 run(s), 1 hit(s), 0 error(s), 0 left on base; Phoenix 2 - Tremont 3 |
BOTTOM OF THE 7TH |
Tremont Doubledays batting - Pitching for Phoenix Hotspur Reserves : RHP Craig Gasnier
|
Batting: RHB José Cervantes
|
0-0: Ball 1-0: Ground out 6-3 (Groundball, 56)
|
Batting: RHB Andrés Gonzáles
|
0-0: Called Strike 0-1: Called Strike 0-2: Fly out, F4 (Popup, 34)
|
Batting: RHB Menno van de Vlugt
|
0-0: Called Strike 0-1: Ball 1-1: Ball 2-1: SINGLE (Groundball, 6MD)
|
Pitching: RHP Rewa Malaki
|
|
Batting: RHB Tim Robinson
|
0-0: Swinging Strike 0-1: Ball 1-1: Ball 2-1: Called Strike 2-2: Foul Ball, location: 2F 2-2: Ball 3-2: Foul Ball, location: 2F 3-2: Ground out 5-3 (Groundball, 56)
|
Bottom of the 7th over - 0 run(s), 1 hit(s), 0 error(s), 1 left on base; Phoenix 2 - Tremont 3 |
TOP OF THE 8TH |
Phoenix Hotspur Reserves batting - Pitching for Tremont Doubledays : RHP Jim Unknown
|
Pitching: RHP Jim Unknown
|
|
Batting: RHB Wilson Castillo
|
0-0: DOUBLE (Line Drive, 9LM)
|
Batting: RHB Satoshi Terada
|
0-0: Ball 1-0: Ball 2-0: Ball 3-0: Called Strike 3-1: Ground out U3 (Groundball, 34) Wilson Castillo to third
|
Batting: RHB Alex Niemann
|
0-0: Ball 1-0: Ball 2-0: Called Strike 2-1: Ground out 4-3 (Groundball, 4)
|
Pitching: LHP Jim Unknown
|
|
Batting: SHB Roberto López
|
0-0: Called Strike 0-1: Hit by Pitch
|
Batting: RHB Júlio Mateo
|
0-0: Ball 1-0: Ball 2-0: Ball 3-0: Base on Balls Roberto López to second
|
Batting: SHB Jesús González
|
0-0: Ball 1-0: Called Strike 1-1: Foul Ball, location: 2F 1-2: Ball 2-2: Ball 3-2: SINGLE (Groundball, 56) (infield hit) Wilson Castillo scores Roberto López to third Júlio Mateo to second
|
Batting: LHB Clark Espinosa
|
0-0: Ball 1-0: DOUBLE (Line Drive, 9LM) Roberto López scores Júlio Mateo scores Jesús González to third Runner from 3rd tries for Home, SAFE, no throw
|
Pitching: LHP Jim Unknown
|
|
Batting: RHB Jim Unknown
|
0-0: Called Strike 0-1: Ball 1-1: Ball 2-1: Foul Ball, location: 2F 2-2: Strikes out swinging
|
Top of the 8th over - 4 run(s), 3 hit(s), 0 error(s), 1 left on base; Phoenix 6 - Tremont 3 |
BOTTOM OF THE 8TH |
Tremont Doubledays batting - Pitching for Phoenix Hotspur Reserves : RHP Rewa Malaki
|
Batting: RHB Jim Unknown
|
0-0: Called Strike 0-1: Fly out, F9 (Flyball, 9S)
|
Batting: RHB Jim Unknown
|
0-0: Ball 1-0: Ball 2-0: SINGLE (Line Drive, 78S)
|
Batting: RHB Jim Unknown
|
0-0: Called Strike 0-1: Foul Ball, location: 2F Pickoff Throw to First - Error! E1 Jim Unknown to second 0-2: Ground out 4-3 (Groundball, 4) Jim Unknown to third
|
Batting: RHB Arturo Morales
|
0-0: DOUBLE (Line Drive, 78D) Jim Unknown scores
|
Batting: RHB Francisco García
|
0-0: Ball 1-0: Ball 2-0: Foul Ball, location: 2F 2-1: Ball 3-1: Called Strike 3-2: 2-RUN HOME RUN (Flyball, 78XD), Distance : 433 ft
|
Pinch Hitting: RHB Jim Unknown
|
0-0: Reached on error, E6 (Groundball, 6S)
|
Pitching: RHP Pat McCormick
|
|
Batting: RHB Andrés Gonzáles
|
0-0: Foul Ball, location: 2F 0-1: Swinging Strike 0-2: SINGLE (Flyball, 8LS) Jim Unknown to third
|
Batting: RHB Menno van de Vlugt
|
0-0: Ball 1-0: Called Strike 1-1: Foul Ball, location: 2F 1-2: Foul Ball, location: 2F 1-2: Ball 2-2: Fly out, F8 (Flyball, 89D)
|
Bottom of the 8th over - 3 run(s), 4 hit(s), 2 error(s), 2 left on base; Phoenix 6 - Tremont 6 |
TOP OF THE 9TH |
Phoenix Hotspur Reserves batting - Pitching for Tremont Doubledays : LHP Jim Unknown
|
Pitching: RHP Jim Unknown
|
|
Now at 1B: Jim Unknown
|
|
Pinch Hitting: RHB Jesús Mejía
|
0-0: SINGLE (Line Drive, 7S)
|
Batting: RHB Wilson Castillo
|
0-0: Bunted foul 0-1: Bunted foul 0-2: Ball 1-2: Ball 2-2: Foul Ball, location: 2F 2-2: Foul Ball, location: 2F 2-2: Ball 3-2: Foul Ball, location: 2F 3-2: Base on Balls Jesús Mejía to second
|
Batting: RHB Satoshi Terada
|
0-0: Sac Bunt - play at third, runner OUT! 1-5 Wilson Castillo to second
|
Batting: RHB Alex Niemann
|
0-0: Foul Ball, location: 2F 0-1: Called Strike 0-2: Ball 1-2: SINGLE (Groundball, 6MD) Wilson Castillo to third Satoshi Terada to second Runner from 3rd tries for Home, SAFE, no throw
|
Batting: SHB Roberto López
|
0-0: Foul Ball, location: 2F 0-1: Fly out, F7 (Flyball, 7S)
|
Batting: RHB Júlio Mateo
|
0-0: Ball 1-0: Fly out, F8 (Flyball, 8LS)
|
Top of the 9th over - 1 run(s), 2 hit(s), 0 error(s), 2 left on base; Phoenix 7 - Tremont 6 |
BOTTOM OF THE 9TH |
Tremont Doubledays batting - Pitching for Phoenix Hotspur Reserves : RHP Pat McCormick
|
Pitching: RHP Artie Beardsall
|
|
Now at 2B: John Moore
|
|
Batting: RHB Tim Robinson
|
0-0: Ball 1-0: Ball 2-0: Foul Ball, location: 2F 2-1: Foul Ball, location: 2F 2-2: Ground out 6-3 (Groundball, 6)
|
Pinch Hitting: RHB Jim Unknown
|
0-0: Ball 1-0: Fly out, F7 (Flyball, 78S)
|
Batting: RHB Jim Unknown
|
0-0: Ball 1-0: DOUBLE (Flyball, 78XD)
|
Pinch Hitting: RHB Arturo Morales
|
0-0: Swinging Strike 0-1: Ball 1-1: Ball 2-1: Ball 3-1: Base on Balls
|
Batting: RHB Arturo Morales
|
0-0: Called Strike 0-1: Foul Ball, location: 2F 0-2: Ball 1-2: Fly out, F5 (Line Drive, 56)
|
Bottom of the 9th over - 0 run(s), 1 hit(s), 0 error(s), 2 left on base; Phoenix 7 - Tremont 6 |
|